 Dungeon Crawl Stone Soup version 0.31-a0-845-g9abc20d24f (webtiles) character file.

Game seed: 14111034663414441367

4356 Oronoi the Ruffian (level 10, -1/96 HPs)
             Began as a Troll Berserker on Oct 1, 2023.
             Was a High Priest of Trog.
             Slain by a death yak (12 damage)
             ... on level 7 of the Dungeon.
             The game lasted 00:51:36 (6511 turns).

Oronoi the Ruffian (Troll Berserker)                Turns: 6511, Time: 00:51:41

Health: -1/96      AC: 13    Str: 27    XL:     10   Next: 12%
Magic:  9/9        EV: 12    Int:  3    God:    Trog [*****.]
Gold:   455        SH: 11    Dex: 19    Spells: 9/9 levels left

rFire   . . .        G - +0 war axe (heavy)
rCold   . . .        Y - +2 kite shield
rNeg    . . .        t - +2 animal skin
rPois   .            (helmet restricted)
rElec   .            u - +2 cloak
rCorr   .            (gloves unavailable)
SInv    .            (boots unavailable)
Will    .....        O - amulet of faith
Stlth   ++           e - +6 ring of dexterity
HPRegen 1.16/turn    n - +4 ring of protection
MPRegen 0.11/turn

%: faith
@: about to teleport
A: large, unfitting armour, claws 3, regeneration 1, shaggy fur 1, tough skin 1
a: Renounce Religion, Berserk, Trog's Hand, Brothers in Arms


You were on level 7 of the Dungeon.
You worshipped Trog.
Trog was extremely pleased with you.
You visited 1 branch of the dungeon, and saw 9 of its levels.

You collected 455 gold pieces.

Inventory:

Hand Weapons
 g - the +1 battleaxe of the Vaults {flame, Will+ Dex+3}
   (Trog gifted it to you on level 7 of the Dungeon)

   Dex+3:     It affects your dexterity (+3).
   Will+:     It increases your willpower.
 h - a +1 whip of flaming
 G - a +0 heavy war axe (weapon)
Armour
 t - a +2 animal skin (worn)
 u - a +2 cloak (worn)
 Y - a +2 kite shield (worn)
Jewellery
 e - a +6 ring of dexterity (left claw)
 l - a ring of willpower
 n - a +4 ring of protection (right claw)
 r - a ring of ice
 s - a +4 ring of protection
 I - a ring of positive energy
 O - an amulet of faith (around neck)
 Z - a ring of protection from fire
Wands
 y - a wand of quicksilver (5)
 J - a wand of roots (23)
 K - a wand of flame (22)
Scrolls
 b - a scroll of poison {unknown}
 c - a scroll of amnesia {unknown}
 i - a scroll of enchant armour
 o - a scroll of fog {unknown}
 p - a scroll of acquirement
 q - a scroll of silence
 w - 2 scrolls of vulnerability
 B - a scroll of noise
 D - 2 scrolls of enchant weapon
 F - a scroll of teleportation
 N - a scroll of brand weapon
 T - a scroll of fear
Potions
 d - a potion of magic
 f - a potion of attraction
 j - a potion of invisibility
 k - a potion of enlightenment {unknown}
 m - 2 potions of resistance
 x - 2 potions of might
 E - a potion of degeneration {unknown}
 M - a potion of haste {unknown}
 P - a potion of lignification {unknown}
 X - a potion of cancellation {unknown}


   Skills:
 + Level 5.3 Fighting
 + Level 5.0 Axes
 + Level 5.1 Staves
 + Level 5.8 Dodging
 + Level 2.3 Stealth
 + Level 2.8 Shields
 + Level 6.8 Unarmed Combat


You had 9 spell levels left.
You didn't know any spells.
Your spell library contained the following spells:

 Spells                   Type           Power      Damage    Failure   Level
 Magic Dart               Conj           0%         1d3       77%         1
 Call Imp                 Summ           0%         N/A       88%         2
 Lesser Beckoning         Tloc           0%         N/A       88%         2
 Gell's Gravitas          Tloc           0%         N/A       98%         3
 Mephitic Cloud           Conj/Pois/Air  0%         N/A       98%         3
 Stone Arrow              Conj/Erth      0%         3d7       98%         3
 Teleport Other           Tloc           0%         N/A       98%         3
 Animate Armour           Summ/Erth      0%         N/A       100%        4
 Vhi's Electric Charge    Tloc/Air       0%         N/A       100%        4
 Arcjolt                  Conj/Air       0%         1d10      100%        5
 Lehudib's Crystal Spear  Conj/Erth      0%         10d2      100%        8
 Maxwell's Capacitive Co  Air            0%         ∞         100%        8
 Chain Lightning          Conj/Air       0%         N/A       100%        9
 Fire Storm               Conj/Fire      0%         5d1       100%        9
 Shatter                  Erth           0%         3d5*      100%        9


Dungeon Overview and Level Annotations

Branches:
Dungeon (9/15)             Temple (0/1) D:7            Lair (0/5) D:8
    Orc: D:9-12

Altars:
Ashenzari
Dithmenos
Elyvilon
Fedhas
Gozag
Makhleb
Okawaru
Vehumet
Wu Jian
Zin


Innate Abilities, Weirdness & Mutations

You are too large for most types of armour.
You have claws for hands.
Your natural rate of healing is unusually fast.
You are covered in fur. (AC +1)
You have tough skin. (AC +1)


Message History

* * * LOW HITPOINT WARNING * * *
You feel much better.
An orc wizard appears from thin air!
Reactivating autopickup.
The death yak attacks as it pursues you!
You block the death yak's attack.
A kobold comes into view. It is wielding a +0 short sword.
The kobold shouts!
The howler monkey hoots and howls with incredible vigour!
A kobold comes into view. It is wielding a +0 dagger.
The kobold throws a stone.
The stone barely misses you. The orc attacks as it pursues you!
You block the orc's attack.
The death yak attacks as it pursues you!
The death yak gores you but does no damage.
The kobold throws a stone.
The stone hits you but does no damage.
A kobold brigand comes into view.
It is wielding a +0 dagger and quivering poisoned darts.
The howler monkey hoots and howls with incredible vigour!
The death yak attacks as it pursues you!
The death yak gores you!
You hear an angry buzzing noise.
The howler monkey hoots and howls with incredible vigour!
The death yak attacks as it pursues you!
The death yak gores you.
You hear an angry buzzing noise.
There is a stone staircase leading up here.
The death yak gores you!
You climb upwards.
There is a stone staircase leading down here.
The death yak attacks as it pursues you!
The death yak closely misses you.
The death yak attacks as it pursues you!
The death yak gores you!!
* * * LOW HITPOINT WARNING * * *
There is a stone staircase leading up, spattered with blood here.
The death yak gores you!
* * * LOW HITPOINT WARNING * * *
You climb upwards.
There is a stone staircase leading down here.
As you read the scroll of teleportation, it crumbles to dust.
You feel strangely unstable. The death yak gores you!
You die...

...#####...'........#
...#...#...#........#
...#...#...#####....#
...#..##...##..#....#
...'..##...##..#....######
...#...........#.........#
...#...........#.....<...#
...#......[....#.........#
...#..##########@........#
...#..##........Y#########
...#...#.........#
...#...#.........#
...#...#.........#
...#...#.........#
...#...#.........#
...#...#.........#####
#####'##....####....)#


You could see a death yak.

Vanquished Creatures
  Sigmund (D:2)
  3 yaks (D:8)
  A wyvern (D:8)
  The ghost of qipq the Magician, an amateur FeCj (D:4)
  Eustachio (D:5)
  Menkaure (D:4)
  3 water moccasins
  3 black bears
  2 orc warriors
  A sky beast (D:7)
  An ice beast (D:8)
  An ogre (D:4)
  2 phantoms
  A kobold brigand (D:6)
  Blork the orc (D:5)
  A bullfrog (D:8)
  A gnoll sergeant (D:7)
  4 scorpions
  5 wights (D:6)
  A killer bee (D:8)
  3 howler monkeys
  2 orc priests (D:4)
  4 hounds
  2 jellies
  Crazy Yiuf (D:3)
  3 sleepcaps
  Jessica (D:2)
  Natasha (thrice) (D:2)
  Terence (D:2)
  Ijyb (D:4)
  5 iguanas
  10 orc wizards
  Robin (D:3)
  5 adders
  5 gnolls (D:7)
  A shadow imp (D:6)
  A white imp (D:7)
  3 ufetubi
  A worm (D:5)
  3 dart slugs
  24 orcs
  8 endoplasms
  2 giant cockroaches
  20 goblins
  9 hobgoblins
  2 quokkas
  7 ball pythons
  7 bats
  6 frilled lizards (D:1)
  4 kobolds
  8 rats
188 creatures vanquished.

Notes
Turn   | Place    | Note
-------+----------+-------------------------------------------
     0 | D:1      | Oronoi the Troll Berserker began the quest for the Orb.
     0 | D:1      | Reached XP level 1. HP: 22/22 MP: 0/0
   224 | D:1      | Reached XP level 2. HP: 29/29 MP: 1/1
   443 | D:1      | Reached ** piety under Trog
   864 | D:1      | Reached XP level 3. HP: 32/36 MP: 2/2
  1190 | D:2      | Noticed Sigmund
  1209 | D:2      | Killed Sigmund
  1210 | D:2      | Reached skill level 4 in Unarmed Combat
  1210 | D:2      | Reached XP level 4. HP: 32/44 MP: 3/3
  1210 | D:2      | Reached XP level 5. HP: 38/52 MP: 4/4
  1249 | D:2      | Noticed Jessica
  1252 | D:2      | Reached skill level 5 in Unarmed Combat
  1258 | D:2      | Killed Jessica
  1476 | D:2      | Noticed Natasha
  1481 | D:2      | Killed Natasha
  1486 | D:2      | Noticed Terence
  1493 | D:2      | Killed Terence
  1494 | D:2      | Reached XP level 6. HP: 57/61 MP: 5/5
  1613 | D:2      | Identified a scroll of acquirement
  1620 | D:2      | Noticed Natasha
  1626 | D:2      | Killed Natasha
  1688 | D:2      | Noticed Natasha
  1698 | D:2      | Killed Natasha
  1752 | D:3      | Noticed Robin
  1765 | D:3      | Reached *** piety under Trog
  1788 | D:3      | Killed Robin
  1938 | D:3      | Found a white marble altar of Elyvilon.
  2301 | D:3      | Found a runed translucent door.
  2302 | D:3      | Noticed Crazy Yiuf
  2348 | D:3      | Found a radiant altar of Vehumet.
  2409 | D:3      | Killed Crazy Yiuf
  2592 | D:4      | Reached skill level 1 in Stealth
  2659 | D:4      | Reached skill level 6 in Unarmed Combat
  2717 | D:4      | Reached XP level 7. HP: 49/67 MP: 6/6
  2828 | D:4      | Found a runed translucent door.
  2828 | D:4      | Noticed qipq's ghost (amateur FeCj)
  2863 | D:4      | Killed qipq's ghost
  2864 | D:4      | Reached skill level 1 in Staves
  2997 | D:4      | Reached **** piety under Trog
  3114 | D:4      | Reached XP level 8. HP: 68/76 MP: 7/7
  3216 | D:4      | Noticed Menkaure
  3221 | D:4      | Killed Menkaure
  3299 | D:4      | Noticed Ijyb
  3304 | D:4      | Killed Ijyb
  3316 | D:4      | Found a broken altar of Ashenzari.
  3375 | D:5      | Entered Level 5 of the Dungeon
  3375 | D:5      | Noticed Blork the orc
  3385 | D:5      | Killed Blork the orc
  3433 | D:5      | Noticed Eustachio
  3446 | D:5      | Killed Eustachio
  3603 | D:5      | Found an opulent altar of Gozag.
  3877 | D:6      | Found an iron altar of Okawaru.
  4011 | D:6      | Reached skill level 5 in Staves
  4011 | D:6      | Reached XP level 9. HP: 49/80 MP: 8/8
  4012 | D:6      | Reached skill level 1 in Axes
  4040 | D:6      | Found Sosun's Book Shoppe.
  4079 | D:6      | Found a blossoming altar of Fedhas.
  4135 | D:6      | Found a shadowy altar of Dithmenos.
  4617 | D:6      | Reached ***** piety under Trog
  4667 | D:6      | Reached skill level 5 in Dodging
  4700 | D:6      | Reached skill level 1 in Shields
  5014 | D:7      | Identified the +1 battleaxe of the Vaults {flame, Will+
                  | Dex+3} (Trog gifted it to you on level 7 of the Dungeon)
  5014 | D:7      | Received a gift from Trog
  5133 | D:7      | Found a staircase to the Ecumenical Temple.
  5154 | D:7      | Reached skill level 5 in Fighting
  5844 | D:7      | Found a burning altar of Makhleb.
  5923 | D:7      | Found an ornate altar of the Wu Jian Council.
  6211 | D:8      | Reached XP level 10. HP: 96/96 MP: 9/9
  6290 | D:8      | Noticed a death yak
  6291 | D:8      | Found a staircase to the Lair.
  6293 | D:8      | Noticed a death yak
  6295 | D:8      | Noticed a death yak
  6295 | D:8      | Noticed a death yak
  6296 | D:8      | Noticed a death yak
  6296 | D:8      | Noticed a death yak
  6426 | D:8      | Found a glowing silver altar of Zin.
  6426 | D:8      | Noticed an angel
  6448 | D:8      | Reached skill level 5 in Axes
  6511 | D:7      | Slain by a death yak

Illustrated notes

Levels and vault maps discovered:
D:1:      beargit_arrival_diablo_church, layout_basic,
          chequers_serial_rivers_micro_d, nrook_uturn
D:2:      layout_basic, minmay_misc_feat_pillars, uniq_sigmund, uniq_terence,
          uniq_natasha, uniq_jessica
D:3:      kennysheep_the_goblin_king, layout_loops_ring, vehumet_crystals,
          elyvilon_altar_1, uniq_robin, uniq_crazy_yiuf_cottage
D:4:      layout_loops_ring, lemuel_coloured_pillars_altar,
          hellmonk_ghost_happy_afterlife, uniq_menkaure, uniq_ijyb
D:5:      layout_rooms, amcnicky_altar_gilded, uniq_blork_the_orc,
          uniq_eustachio
D:6:      minmay_bubble_buster, layout_loops_ring, mainiacjoe_overflow_brackets,
          fedhas_ov_isle_minmay, mainiacjoe_overflow_alcove_2, serial_shops,
          shop
D:7:      layout_gridville, marbit_many_paths,
          mainiacjoe_overflow_six_doors_small, minmay_temple_entry_slanted
D:8:      layout_rooms, zin_angel, dpeg_lair_monsters,
          hangedman_decor_diamond_cutter, eino_jars
D:9:      layout_rooms, mainiacjoe_overflow_24_doors,
          nicolae_uskayaw_dance_studio, serial_co_window_serial,
          co_window_paths_a, co_window_of_opportunity_a, co_window_corner_a,
          co_window_of_opportunity_a, co_window_paths_b, co_window_corner_b,
          co_window_broadway_a, co_window_of_opportunity_b,
          co_window_broadway_c, co_window_broadway_c, co_window_paths_d,
          co_window_sun, glass_columns_a, glass_columns_b, glass_columns_a,
          glass_columns_b, glass_columns_a

Skill      XL: |  1  2  3  4  5  6  7  8  9 10 |
---------------+-------------------------------+-----
Dodging        | 3 4 5 |  5.8
Unarmed Combat | 4 5 6 |  6.8
Fighting       | 3 4 5 |  5.3
Stealth        | 1 2 |  2.3
Staves         | 2 5 |  5.1
Axes           | 4 5 |  5.0
Shields        | 2 |  2.8

Action                     |  1- 3 |  4- 6 |  7- 9 | 10-12 || total
---------------------------+-------+-------+-------+-------++-------
  Melee: Unarmed           |    76 |   123 |       |       ||   199
         Punch             |     1 |     3 |     1 |       ||     5
         Quarterstaff      |       |    15 |   109 |       ||   124
         War axe           |       |       |   145 |    33 ||   178
    Use: Scroll            |     1 |     1 |    10 |     3 ||    15
         Potion            |       |       |     6 |     1 ||     7
   Stab: Sleeping          |     1 |     3 |     5 |     1 ||    10
         Distracted        |       |       |       |     1 ||     1
 Armour: Animal skin       |    40 |    78 |   255 |    45 ||   418
  Dodge: Dodged            |    41 |    65 |   161 |    37 ||   304
  Block: Kite shield       |       |       |   110 |    41 ||   151

Table legend: (Time is in decaauts)
 A = Elapsed time spent in this place.
 B = Non-inter-level travel time spent in this place.
 C = Inter-level travel time spent in this place.
 D = Time resting spent in this place.
 E = Time spent auto-exploring this place.
 F = Levels seen in this place.
 G = Mean time per level.
                   A        B        C        D        E       F      G
               +--------+--------+--------+--------+--------+-----+--------+
         Total |   6715 |   1639 |   5076 |      0 |      7 |   9 |  746.1 |
       Dungeon |   6715 |   1639 |   5076 |      0 |      7 |   9 |  746.1 |
               +--------+--------+--------+--------+--------+-----+--------+

Top non-repeatable levels by time:
     D:7: 1204 daAuts
     D:6: 1164 daAuts
     D:1: 1133 daAuts
     D:3: 866 daAuts
     D:4: 804 daAuts
     D:2: 566 daAuts
     D:5: 505 daAuts
     D:8: 429 daAuts
     D:9: 38 daAuts
